 Dungeon Crawl Stone Soup version 0.16-a0-3496-g6490362 (webtiles) character file.

65 Econoterrorist the Sneak (level 3, 0/16 HPs)
             Began as a Spriggan Enchanter on Jan 5, 2015.
             Killed by divine providence
             ... invoked by an orc priest
              (15 damage)
             ... on level 3 of the Dungeon.
             The game lasted 00:05:49 (2457 turns).

Econoterrorist the Sneak (Spriggan Enchanter)       Turns: 2457, Time: 00:05:50

Health: 0/16       AC:  3    Str:  4    XL:     3   Next: 92%
Magic:  2/9        EV: 18    Int: 17    God:
Gold:   161        SH:  0    Dex: 16    Spells: 3 memorised, 1 level left

rFire  . . .     SeeInvis +     i - +2 dagger (venom)
rCold  . . .     Clarity  .     b - +1 robe
rNeg   . . .     SustAb   .     (shield restricted)
rPois  .         Gourm    .     (helmet restricted)
rElec  .         Spirit   .     (no cloak)
rCorr  .         Warding  .     (gloves unavailable)
rMut   .         Stasis   .     (boots unavailable)
MR     .....                    (no amulet)
Stlth  ++++......               (no ring)
                                (no ring)

@: very slightly contaminated, very quick, not resistant to hostile
enchantments, stealthy
A: unfitting armour, see invisible, herbivore 3, speed 3, slow metabolism 2
a: no special abilities


You were on level 3 of the Dungeon.
You were not hungry.

You visited 1 branch of the dungeon, and saw 3 of its levels.

You collected 161 gold pieces.

Inventory:

Hand weapons
 a - a +1 dagger
 i - a +2 dagger of venom (weapon)
 n - a +1 dagger of electrocution
Armour
 b - a +1 robe (worn)
Scrolls
 e - a scroll of fog {unknown}
 g - a scroll of blinking {unknown}
 h - a scroll of random uselessness {unknown}
 j - 2 scrolls of teleportation {unknown}
 k - a scroll of identify {unknown}
 l - a scroll of recharging {unknown}
 m - a scroll of remove curse {unknown}
Potions
 f - a potion of heal wounds {unknown}
Books
 c - a book of Maledictions

   Spells                             Type                      Level
   a - Corona                         Hexes                        1
   b - Sure Blade                     Hexes/Charms                 2
   c - Ensorcelled Hibernation        Hexes/Ice                    2
   d - Confuse                        Hexes                        3
   e - Dazzling Spray                 Conjuration/Hexes            3
   f - Enslavement                    Hexes                        4
 o - a book of Summonings

   Spells                             Type                      Level
   a - Abjuration                     Summoning                    3
   b - Recall                         Summoning/Translocation      3
   c - Shadow Creatures               Summoning                    5
   d - Summon Demon                   Summoning                    5
   e - Summon Forest                  Summoning/Translocation      5
   f - Monstrous Menagerie            Summoning                    6
Comestibles
 d - a bread ration
 p - a royal jelly


   Skills:
 - Level 1.1 Short Blades
 - Level 3.0 Dodging
 + Level 7.5 Stealth
 - Level 2.6 Spellcasting
 - Level 3.6 Hexes


You had one spell level left.
You knew the following spells:

 Your Spells              Type           Power        Failure   Level  Hunger
a - Corona                Hex            ##.....      4%          1    #......
b - Ensorcelled Hibernat  Hex/Ice        #.....       17%         2    ##.....
c - Confuse               Hex            ##......     14%         3    ###....


Dungeon Overview and Level Annotations

Branches:
Dungeon (3/15)

Altars:


Innate Abilities, Weirdness & Mutations

You are tiny and cannot use many weapons and most armour.
You have supernaturally acute eyesight.
You are a herbivore.
You cover ground extremely quickly.
You need consume almost no food.


Message History

Casting: Ensorcelled Hibernation
Confirm with . or Enter, or press ? or * to list all spells.
Aiming: Ensorcelled Hibernation
Press: ? - help, Shift-Dir - straight line, f/p - ooze
Aim: an ooze (chance 39%)
The ooze looks drowsy...
An orc priest comes into view. It is wielding a short sword.
The helpless ooze fails to defend itself.
You impale the ooze!!
You kill the ooze!
The orc priest shouts!
The orc priest utters an invocation to Beogh.
You feel a wave of unholy energy pass over you.
You closely miss the orc priest.
You hit the orc priest but do no damage.
The orc priest is poisoned.
The orc priest invokes the aid of Beogh against you.
Something smites you!
Ouch! That really hurt!
You die...

.##.# # #.# # # # #. #
#.##### # #..... # #
##.#... .#
#.....######..#.#
#.....)@o....#
#..#.####..### #..#.# .#
#..#.# # #..#.# #..#..
#..#######. #..........
#.######################


You could see an orc priest.

Vanquished Creatures
  An adder (D:2)
  2 worms (D:2)
  3 giant geckos (D:1)
  An ooze (D:3)
  2 orcs (D:3)
  A bat (D:2)
  6 goblins
  3 hobgoblins
  2 jackals (D:3)
  9 kobolds
  A giant cockroach (D:3)
  5 giant newts (D:1)
  3 rats
39 creatures vanquished.

Notes
Turn   | Place    | Note
--------------------------------------------------------------
     0 | D:1      | Econoterrorist, the Spriggan Enchanter, began the quest for the Orb.
     0 | D:1      | Reached XP level 1. HP: 9/9 MP: 4/4
   428 | D:1      | Reached skill level 5 in Stealth
   675 | D:1      | Reached XP level 2. HP: 13/13 MP: 7/7
   679 | D:1      | Learned a level 2 spell: Ensorcelled Hibernation
  1033 | D:1      | Reached skill level 6 in Stealth
  1227 | D:2      | Reached XP level 3. HP: 16/16 MP: 9/9
  1232 | D:2      | Learned a level 3 spell: Confuse
  1498 | D:2      | Reached skill level 7 in Stealth
  2457 | D:3      | Killed from afar by an orc priest

Action                   || total
-------------------------++-------
Melee: Dagger            ||    96
 Cast: Corona            ||     3
       Ensorcelled Hiber ||    10
 Stab: Sleeping          ||    13
